 Dungeon Sprint DCSS version 0.26-a0-710-g95a0c6c400 (webtiles) character file.

Game seed: 1480750556459742776

1542 mhtbhm the Carver (level 8, 0/76 HPs)
             Began as a Demonspawn Berserker on Oct 30, 2020.
             Was a High Priest of Trog.
             Killed from afar by a manticore (18 damage)
             ... with a volley of spikes
             ... in the Dungeon (Sprint IX: "|||||||||||||||||||||||||||||").
             The game lasted 00:00:56 (689 turns).

mhtbhm the Carver (Demonspawn Berserker)             Turns: 689, Time: 00:00:56

Health: 0/76       AC: 10    Str: 20    XL:     8   Next: 56%
Magic:  8/8        EV: 15    Int: 11    God:    Trog [*****.]
Gold:   0          SH:  0    Dex: 13    Spells: 7/7 levels left

rFire    . . .     SeeInvis .   a - +2 scimitar (flame)
rCold    + . .     Faith    .   (no shield)
rNeg     . . .     Spirit   .   b - +1 scale mail
rPois    .         Reflect  .   (helmet restricted)
rElec    .         Harm     .   l - +0 cloak
rCorr    .         Rampage  .   (no gloves)
MR       .....     NoTele   +   (no boots)
Stlth    ..........             (no amulet)
HPRegen  0.22/turn              m - +3 ring of intelligence
MPRegen  0.11/turn              n - +2 ring of evasion

@: barbed spikes, berserk cooldown, slowed, very slow
A: antennae 1, claws 1, cold resistance 1, demonic guardian 1
a: Berserk, Trog's Hand, Brothers in Arms, Renounce Religion


You were in the Dungeon.
You worshipped Trog.
Trog was extremely pleased with you.
You visited 1 branch

Inventory:

Hand Weapons
 a - a +2 scimitar of flaming (weapon)
Armour
 b - a +1 scale mail (worn)
 l - a +0 cloak (worn)
Jewellery
 m - a +3 ring of intelligence (left claw)
 n - a +2 ring of evasion (right claw)
Wands
 k - a wand of acid (9)
Scrolls
 h - 2 scrolls of blinking
 j - 3 scrolls of remove curse
Potions
 c - 5 potions of curing
 d - 2 potions of heal wounds
 e - a potion of haste
 f - 4 potions of magic
 g - a potion of berserk rage
 i - a potion of invisibility


   Skills:
 + Level 11.7 Fighting
 + Level 11.7 Long Blades
 + Level 6.5 Armour
 + Level 5.6 Dodging


You had 7 spell levels left.
You didn't know any spells.
Your spell library was empty.

Dungeon Overview and Level Annotations

Branches:
Dungeon (1/1)

Altars:
Cheibriados
Dithmenos
Elyvilon
Fedhas
Gozag
Hepliaklqana
Kikubaaqudgha
Makhleb
Nemelex Xobeh
Okawaru
Qazlal
Ru
Sif Muna
Trog
Uskayaw
Vehumet
Wu Jian
Xom
Yredelemnul
Zin
The Shining One
Beogh
Jiyva
Lugonu


Innate Abilities, Weirdness & Mutations

You have a pair of small antennae on your head.
You have sharp fingernails.
Your flesh is cold resistant. (rC+)
A weak demonic guardian rushes to your aid.


Message History

Things that are here:
a +0 giant club; a +0 giant spiked club; a two-headed ogre corpse Your ufetubus hits the manticore but does no damage. x2
Your ufetubus barely misses the manticore.
Your ufetubus hits the manticore but does no damage.
The manticore bites your ufetubus!!
Your ufetubus dies!
There is an open door, spattered with blood here.
You see here an arrow.
Evoke which item? (* to show all) (? for menu, Esc to quit)
Aiming: Corrosive Bolt
Press: ? - help, Shift-Dir - straight line, f - manticore
Aim: a manticore (heavily wounded)
The bolt of acid hits the manticore!
The manticore is splashed with acid.
The acid corrodes the manticore!
The manticore is almost dead.
The manticore flicks its tail.
The volley of spikes hits you!!
The barbed spikes become lodged in your body.
You die... ▓▓▓▓▓▓▓▓▓▓▓▓▓▓▓▓▓▓▓▓▓▓▓▓ .?).[[...††..(..@)).H..+ ▓▓▓▓▓▓▓▓▓▓▓▓▓▓▓▓▓▓▓▓▓▓▓▓

You could see a manticore (corroded).

Vanquished Creatures
  A two-headed ogre (D)
  A cyclops (D)
  A yak (D)
  2 centaurs (D)
  A scorpion (D)
  A howler monkey (D)
  A hound (D)
  An iguana (D)
  3 worker ants (D)
  An adder zombie (D)
  A dart slug (D)
  A leopard gecko (D)
  A giant cockroach (D)
  2 kobolds (D)
  A quokka (D)
  A frilled lizard (D)
  A rat (D)
21 creatures vanquished.

Notes
Turn   | Place    | Note
-------+----------+-------------------------------------------
     0 | D        | mhtbhm the Demonspawn Berserker began the quest for the
                  | Orb.
     0 | D        | Reached XP level 1. HP: 18/18 MP: 1/1
    24 | D        | Reached ** piety under Trog
   294 | D        | Noticed a centaur
   294 | D        | Noticed a worker ant
   299 | D        | Killed a centaur
   299 | D        | Reached skill level 5 in Long Blades
   299 | D        | Gained mutation: Your flesh is cold resistant. (rC+)
                  | [demonic ancestry]
   299 | D        | Reached XP level 2. HP: 18/28 MP: 2/2
   299 | D        | Reached XP level 3. HP: 22/34 MP: 3/3
   299 | D        | Gained mutation: You have a pair of small antennae on your
                  | head. [demonic ancestry]
   299 | D        | Reached XP level 4. HP: 26/40 MP: 4/4
   303 | D        | Reached *** piety under Trog
   315 | D        | Found a roughly hewn altar of Beogh.
   315 | D        | Found a snail-covered altar of Cheibriados.
   315 | D        | Found a shadowy altar of Dithmenos.
   315 | D        | Found a white marble altar of Elyvilon.
   315 | D        | Found a blossoming altar of Fedhas.
   315 | D        | Found an opulent altar of Gozag.
   316 | D        | Found a hazy altar of Hepliaklqana.
   317 | D        | Found a viscous altar of Jiyva.
   318 | D        | Found an ancient bone altar of Kikubaaqudgha.
   319 | D        | Found a corrupted altar of Lugonu.
   320 | D        | Found a burning altar of Makhleb.
   321 | D        | Found a sparkling altar of Nemelex Xobeh.
   322 | D        | Found an iron altar of Okawaru.
   323 | D        | Found a stormy altar of Qazlal.
   324 | D        | Found a sacrificial altar of Ru.
   325 | D        | Found a shimmering blue altar of Sif Muna.
   326 | D        | Found a bloodstained altar of Trog.
   327 | D        | Found a hide-covered altar of Uskayaw.
   328 | D        | Found a radiant altar of Vehumet.
   329 | D        | Found an ornate altar of the Wu Jian Council.
   330 | D        | Found a shimmering altar of Xom.
   331 | D        | Found a basalt altar of Yredelemnul.
   332 | D        | Found a glowing silver altar of Zin.
   333 | D        | Found a glowing golden altar of the Shining One.
   577 | D        | Noticed a yak
   579 | D        | Reached **** piety under Trog
   579 | D        | Gained mutation: A weak demonic guardian rushes to your
                  | aid. [demonic ancestry]
   579 | D        | Reached XP level 5. HP: 48/48 MP: 5/5
   589 | D        | Gained mutation: You have sharp fingernails. [demonic
                  | ancestry]
   589 | D        | Reached XP level 6. HP: 57/57 MP: 6/6
   594 | D        | Killed a yak
   663 | D        | Noticed a two-headed ogre
   663 | D        | Noticed a cyclops
   663 | D        | Noticed a manticore
   666 | D        | Reached ***** piety under Trog
   670 | D        | Killed a two-headed ogre
   670 | D        | Reached skill level 10 in Long Blades
   670 | D        | Reached skill level 5 in Dodging
   670 | D        | Reached XP level 7. HP: 59/68 MP: 7/7
   670 | D        | Reached XP level 8. HP: 64/75 MP: 8/8
   683 | D        | Killed a cyclops
   689 | D        | Killed from afar by a manticore

Illustrated notes

Levels and vault maps discovered:
D:        linesprint [early_d, line_temple, items_1, d_10, items_2, lair_1,
          lair_end, items_3, orc_1, orc_end, items_4, d_15, swamp_1, shoals_1,
          snake_1, spider_1, d_20, vaults_1, items_5, swamp_end, shoals_end,
          snake_end, spider_end, vaults_end, d_27, items_6, zot_1, zot_end,
          crypt_end, forest_end, elf_end, slime_end, tomb_end, abyss_end,
          pan_hell_end]

Skill      XL: |  1  2  3  4  5  6  7  8 |
---------------+-------------------------+-----
Long Blades    | 5 6 7 10 11 | 11.7
Dodging        | 3 4 5 |  5.6
Armour         | 2 3 4 6 |  6.5
Fighting       | 6 7 8 11 | 11.7

Action                   |  1- 3 |  4- 6 |  7- 9 || total
-------------------------+-------+-------+-------++-------
Melee: Falchion          |    27 |    10 |       ||    37
       Scimitar          |       |    20 |    11 ||    31
Invok: Berserk           |     1 |     2 |       ||     3
Evoke: Wand              |       |       |     1 ||     1
  Use: Potion            |       |       |     1 ||     1
Armor: Animal skin       |     1 |     1 |       ||     2
       Scale mail        |       |     3 |     2 ||     5
Dodge: Dodged            |    15 |     9 |    10 ||    34
       Rpst.: Falchion   |     4 |       |       ||     4
       Scimitar          |       |     1 |     1 ||     2

Table legend: (Time is in decaauts)
 A = Elapsed time spent in this place.
 B = Non-inter-level travel time spent in this place.
 C = Inter-level travel time spent in this place.
 D = Time resting spent in this place.
 E = Time spent auto-exploring this place.
 F = Levels seen in this place.
 G = Mean time per level.
                   A        B        C        D        E       F      G
               +--------+--------+--------+--------+--------+-----+--------+
         Total |    708 |    708 |      0 |    529 |      3 |   1 |  708.0 |
       Dungeon |    708 |    708 |      0 |    529 |      3 |   1 |  708.0 |
               +--------+--------+--------+--------+--------+-----+--------+

Top non-repeatable levels by time:
       D: 708 daAuts
